 Dungeon Crawl Stone Soup version 0.15-a0-1646-g393eda0 (webtiles) character file.

689977 Chiseanne the Ninja (level 27, -51/161 HPs)
             Began as a Spriggan Assassin on June 21, 2014.
             Was an Initiate of Gozag.
             Killed from afar by a Hell Sentinel (74 damage)
             ... with an iron shot
             ... in Pandemonium on June 22, 2014.
             The game lasted 12:29:36 (115227 turns).

Chiseanne the Ninja (Spriggan Assassin)           Turns: 115227, Time: 12:29:37

HP -51/161       AC 27     Str  7      XL: 27
MP   0/36        EV 35     Int 14      God: Gozag
Gold 1182        SH 17     Dex 29      Spells:  7 memorised, 15 levels left

rFire  + + .     SeeInvis +     s - +9 dagger of Greed {stab, +Inv rC+ MR+}
rCold  + + .     Clarity  .     E - +6 pearl dragon armour of the Kangaroo {rC+ rN+}
rNeg   + + .     rCorr    .     U - +3 buckler {AC+3}
rPois  +         rRot     .     y - +3 crown of Dyrovepreva {rElec Int+2 SInv}
rElec  +         Spirit   +     u - +1 ratskin cloak {rPois rN+ Dex-1 Int-1}
SustAb .         Warding  .     (gloves unavailable)
rMut   .         Stasis   .     (boots unavailable)
Gourm  .                        c - amulet of guardian spirit
MR     +++++                    m - ring "Rontug" {rF++ SInv}
                                i - +5 ring of slaying

@: very quick, almost entirely resistant to hostile enchantments, incredibly
stealthy
A: unfitting armour, see invisible, deterioration 1, herbivore 3, speed 3, slow
metabolism 2
a: Potion Petition, Call Merchant, Bribe Branch, Renounce Religion, Evoke
Invisibility
}: 5/15 runes: decaying, slimy, silver, magical, gossamer


You were in Pandemonium.
You worshipped Gozag.
Gozag was noncommittal.
You were not hungry.

You visited 11 branches of the dungeon, and saw 60 of its levels.
You visited Pandemonium 1 time, and saw 11 of its levels.
You visited 2 bazaars.
You visited 1 Ziggurat, and saw 14 of its levels.
You also visited: Bailey, Ice Cave, Volcano and Wizlab.

You collected 32742 gold pieces.
You spent 15584 gold pieces at shops.
You paid 15976 gold pieces to Gozag.

Inventory:

Hand weapons
 a - a +9 dagger of flaming
 d - the +11 falchion of the Dove {speed, +Blink Str+2 Dex-3}
   (You found it on level 5 of the Lair of Beasts)

   Attacks with this weapon are significantly faster.
   It affects your strength (+2).
   It affects your dexterity (-3).
   It lets you blink.
 f - a +7 quick blade of protection
 s - the +9 dagger of Greed (weapon) {stab, +Inv rC+ MR+}
   (You found it on level 6 of the Pits of Slime)

   It inflicts extra damage upon your enemies.
   It protects you from cold.
   It affects your resistance to hostile enchantments.
   It lets you turn invisible.
 w - a +6 blowgun
Missiles
 e - 114 poisoned needles
 l - 2 needles of confusion
 z - 5 tomahawks
 A - a curare-tipped needle
 C - 6 tomahawks of returning (quivered)
 R - 7 needles of sleeping
 T - 7 needles of paralysis
Armour
 u - the +1 ratskin cloak (worn) {rPois rN+ Dex-1 Int-1}
   (You acquired it on level 1 of the Swamp)

   It affects your intelligence (-1).
   It affects your dexterity (-1).
   It protects you from poison.
   It protects you from negative energy.
 y - the +3 crown of Dyrovepreva (worn) {rElec Int+2 SInv}
   (You bought it in a shop on level 4 of the Orcish Mines)

   It affects your intelligence (+2).
   It insulates you from electricity.
   It enhances your eyesight.
 E - the +6 pearl dragon armour of the Kangaroo (worn) {rC+ rN+}
   (You found it on level 2 of the Depths)

   It protects you from cold.
   It protects you from negative energy.
 U - a +3 buckler of protection (worn)
Magical devices
 n - a wand of teleportation (3)
 v - a wand of digging (1)
 S - a wand of heal wounds (2)
Comestibles
 b - 4 bread rations
 B - a royal jelly
Scrolls
 j - 6 scrolls of recharging
 k - 31 scrolls of remove curse
 o - 18 scrolls of identify
 x - 14 scrolls of fog
 O - 4 scrolls of teleportation
 Q - 2 scrolls of silence
 X - 4 scrolls of fear
 Y - 6 scrolls of magic mapping
Jewellery
 c - an amulet of guardian spirit (around neck)
 i - a +5 ring of slaying (left hand)
 m - the ring "Rontug" (right hand) {rF++ SInv}
   (You found it on level 11 of a ziggurat)

   [ring of see invisible]

   It greatly protects you from fire.
   It enhances your eyesight.
 p - a +5 ring of slaying
 r - the ring "Leosur" {-Tele +Rage MR++ Slay+2}
   (You found it in Pandemonium)

   [ring of slaying]

   It affects your accuracy and damage with ranged weapons and melee attacks
   (+2).
   It affects your resistance to hostile enchantments.
   It lets you go berserk.
   It prevents most forms of teleportation.
 H - an uncursed ring of teleportation
 M - the ring of Vitality {HP+15 Regen}
   (You bought it in a shop on level 11 of the Dungeon)

   [ring of regeneration]

   It affects your health (+15).
   It increases your rate of regeneration.
 Z - an uncursed ring of invisibility
Potions
 h - 12 potions of restore abilities
 t - 4 potions of flight
 D - 4 potions of lignification
 G - 28 potions of curing
 N - 4 potions of porridge
 P - 5 potions of berserk rage


   Skills:
 + Level 22.1 Fighting
 - Level 10.6 Short Blades
 - Level 10.0 Throwing
 - Level 7.6 Armour
 O Level 27 Dodging
 O Level 27 Stealth
 - Level 18.5 Shields
 - Level 4.8 Evocations


You had 15 spell levels left.
You knew the following spells:

 Your Spells              Type           Power        Failure   Level  Hunger
a - Apportation           Tloc           #.........   100%        1    ##.....
b - Corona                Hex            #......      100%        1    ##.....
c - Summon Butterflies    Summ           #.......     100%        1    ##.....
d - Blink                 Tloc           N/A          100%        2    ###....
e - Cure Poison           Pois           #.........   100%        2    ###....
f - Repel Missiles        Chrm/Air       #.....       100%        2    ###....
g - Stoneskin             Trmt/Erth      #.........   100%        2    ###....


Dungeon Overview and Level Annotations

Branches:
Dungeon (15/15)            Temple (1/1) D:4             Orc (4/4) D:11
    Elf (3/3) Orc:3          Lair (8/8) D:8           Swamp (5/5) Lair:5
 Spider (5/5) Lair:3        Slime (6/6) Lair:8       Vaults (5/5) D:13
  Crypt (3/3) Vaults:2       Tomb (0/3) Crypt:3         Zot (0/5) Depths:5
 Depths (5/5) D:15

Altars:
Ashenzari
Cheibriados
Dithmenos
Elyvilon
Fedhas
Gozag
Kikubaaqudgha
Makhleb
Nemelex Xobeh
Okawaru
Qazlal
Sif Muna
Trog
Vehumet
Xom
Yredelemnul
Zin
The Shining One
Beogh
Jiyva

Shops:
D:8 [[?[%[*((*   D:9 *   D:10 *   D:11 =   D:12 :(*?   Orc:1 [   Orc:4 :[*(
Vaults:1 (   Vaults:2 !   Vaults:5 [   Depths:1 ?   Depths:2 (   Depths:4 *

Portals:
Hell: Depths:1 Depths:2 Depths:3 Depths:4 Depths:5
Abyss: Depths:2 Depths:3 Depths:4 Depths:5
Pandemonium: Depths:2 Depths:3 Depths:4 Depths:5
Trove: Depths:2 (give +3 ice dragon armour)

Annotations:
Swamp:3 exclusion: Roxanne, Roxanne


Innate Abilities, Weirdness & Mutations

You are tiny and cannot use many weapons and most armour.
You have supernaturally acute eyesight.
You are a herbivore.
You cover ground extremely quickly.
You need consume almost no food.
Your body is slowly deteriorating.


Message History

You hit the Hell Sentinel but do no damage.
You are struck by the Hell Sentinel's spines.
You hit the Hell Sentinel.
The Hell Sentinel is lightly wounded.
The Hell Sentinel gestures at you.
The hellfire explodes!
The blast of hellfire engulfs you!
* * * LOW HITPOINT WARNING * * *
The blast of hellfire engulfs the Hell Sentinel.
The Hell Sentinel completely resists.
Evoke which item? (* to show all) (? for menu, Esc to quit)
Zapping:
S - a wand of heal wounds (3)
Press: ? - help, Shift-Dir - straight line, f - you You feel much better.
This wand has 2 charges left.
The balrug gestures at you. Something smites you!
* * * LOW HITPOINT WARNING * * *
The Hell Sentinel gestures at you. The iron shot hits you!
You die...
Your body crumbles into a pile of gold.

$ ... #.# #.#
##.## 1..2 $
#.#.
######...######
#φ4.........#@#
.####.#..#2###1#
#..........1.22#
######.#..#.####
#...#### ....
... .... ##


You could see a Hell Sentinel and 2 balrugs.

Vanquished Creatures
  the royal jelly (Slime:6)
  Lom Lobon (Pan)
  2 pandemonium lords (Pan)
  2 ancient liches (Vaults:5)
  A greater mummy (Zig:6)
  Saint Roka (Orc:4)
  Norris (Vaults:2)
  Mara (Depths:2)
  Jory (Crypt:2)
  6 golden dragons
  2 bone dragons (Vaults:5)
  Nikola (Swamp:2)
  A hellephant (Zig:3)
  4 tentacled monstrosities
  2 quicksilver dragons (Vaults:5)
  3 Ice Fiends (Pan)
  5 titans
  2 deep elf blademasters
  11 acid blobs
  2 deep elf master archers (Elf:3)
  5 storm dragons
  3 sphinxes
  4 liches
  An Executioner (Pan)
  Rupert (Swamp:2)
  A sphinx (shapeshifter) (Vaults:5)
  Frances (Swamp:3)
  12 ancient champions
  5 shadow dragons
  13 tengu reavers
  3 revenants
  7 azure jellies
  3 draconian monks
  5 fire giants
  Donald (Crypt:3)
  7 ghost moths
  Wiglaf (Swamp:4)
  15 vault wardens
  Maud (Spider:1)
  13 deep elf sorcerers
  4 iron dragons
  Aizul (Spider:1)
  A draconian zealot (Zig:1)
  8 frost giants
  2 ghouls (Zig:10)
  An octopode crusher (Depths:4)
  4 draconian knights
  2 reapers
  2 war gargoyles (Vaults:5)
  3 draconian annihilators
  11 emperor scorpions
  A spriggan defender (Depths:5)
  8 deep elf demonologists
  18 stone giants
  A draconian shifter (Zig:11)
  A curse skull (Crypt:3)
  A draconian caller (Zig:11)
  6 vampire knights
  A corrupter (Pan)
  4 deep elf annihilators (Elf:3)
  3 white draconians
  3 red draconians
  3 dire elephants
  A black draconian (Zig:11)
  A yellow draconian (Depths:5)
  A purple draconian (Depths:5)
  2 mottled draconians (Zig:11)
  An unborn (Crypt:3)
  A black sun (Pan)
  2 green deaths (Pan)
  35 vault guards
  2 deep elf death magi
  22 yaktaur captains
  11 crystal guardians
  6 blizzard demons
  A mummy priest (Zig:6)
  An orange crystal statue (WizLab)
  4 jiangshi (Crypt:3)
  13 fire dragons
  14 ettins
  9 death oozes
  8 deep elf high priests
  5 minotaurs
  4 rakshasas
  11 ice dragons
  12 ironheart preservers
  A ravenous feature mimic (Vaults:3)
  13 great orbs of eyes
  4 spriggan air magi
  14 ogre magi
  27 hydras
  4 shambling mangroves
  2 spectral elves (Elf:3)
  A ghost crab (Crypt:1)
  3 deep troll earth magi
  6 deep troll shamans
  A dancing weapon (Crypt:3)
  A merfolk aquamancer (Depths:4)
  6 tengu warriors
  19 death yaks
  2 orc high priests (Orc:3)
  11 alligators
  4 vampire magi (Crypt:3)
  A death knight (Crypt:1)
  12 spriggan berserkers
  A shock serpent (shapeshifter) (Zig:4)
  12 centaur warriors
  Urug (Orc:4)
  A titan zombie (Crypt:1)
  3 catoblepae
  17 very ugly things
  Nergalle (D:11)
  A fire crab (Vaults:2)
  2 soul eaters
  17 deep elf knights
  A death drake (shapeshifter) (Depths:1)
  4 shadow wraiths
  10 orb spiders
  A quicksilver dragon simulacrum (Crypt:1)
  A deep troll (shapeshifter) (Vaults:5)
  2 golden dragon zombies
  3 large abominations (Pan)
  A storm dragon skeleton (Zig:5)
  An ice devil (Depths:2)
  5 flayed ghosts
  5 iron trolls
  9 hell knights
  3 shadow demons (Pan)
  28 skeletal warriors
  8 swamp dragons
  9 deep elf summoners
  A giant orange brain (Depths:3)
  21 deep trolls
  An infernal demonspawn (Depths:5)
  A lindwurm (Lair:8)
  An ice statue (IceCv)
  2 golden dragon skeletons
  11 hill giants
  8 wizards
  Erolcha (D:8)
  5 unseen horrors
  15 ironbrand convokers
  Pikel (D:6)
  3 harpies (Vaults:3)
  3 spriggan druids
  14 necromancers
  A putrid demonspawn (Depths:2)
  A torturous demonspawn (Pan)
  5 orc sorcerers
  A shadow dragon zombie (Crypt:3)
  A sphinx zombie (Vaults:2)
  2 fire giant zombies
  13 orc knights
  A wolf spider zombie (Crypt:3)
  12 deep elf conjurers
  4 iron dragon zombies
  A shining eye (Slime:4)
  5 griffons
  34 wolf spiders
  A hell beast (Depths:5)
  A human zombie (Vaults:5)
  8 cyclopes
  A moth of wrath (shapeshifter) (Zig:7)
  2 frost giant zombies (Crypt:3)
  An iron dragon skeleton (Depths:4)
  2 stone giant zombies
  3 manticores
  A mana viper (shapeshifter) (Depths:3)
  A red wasp (shapeshifter) (Vaults:1)
  10 red wasps
  19 phantasmal warriors
  A guardian serpent (shapeshifter) (Vaults:4)
  A draconian (shapeshifter) (Vaults:2)
  A salamander (shapeshifter) (Vaults:3)
  A manticore (shapeshifter) (Depths:5)
  A moth of wrath (Spider:5)
  7 sixfirhies (Pan)
  4 smoke demons (Pan)
  2 stone giant skeletons
  Maurice (D:8)
  4 black mambas
  A frost giant skeleton (Vaults:2)
  A shock serpent zombie (Crypt:1)
  An orange demon (Depths:5)
  A storm dragon simulacrum (Crypt:1)
  2 fire giant skeletons
  2 spiny frogs (shapeshifter)
  33 spiny frogs
  3 torpor snails
  17 elephants
  A gargoyle (D:14)
  14 vault sentinels
  Psyche (Orc:4)
  A feature mimic (Elf:2)
  A dire elephant skeleton (Zig:6)
  2 iron devils
  2 tengu conjurers
  A queen ant (Lair:3)
  A kobold demonologist (Vaults:2)
  14 komodo dragons
  69 yaktaurs
  19 demonic crawlers
  4 centaur zombies
  9 fire drakes
  11 hellwings
  30 jumping spiders
  3 guardian mummies (Zig:6)
  6 trolls
  A minotaur zombie (Crypt:3)
  A giant leech (shapeshifter) (Vaults:4)
  11 freezing wraiths
  4 hydra zombies
  13 two-headed ogres
  12 deep elf priests
  A red devil (Depths:2)
  A jumping spider (shapeshifter) (Vaults:5)
  16 polar bears
  A fire vortex (Depths:5)
  A slime creature (shapeshifter) (Depths:3)
  A merfolk (shapeshifter) (Elf:1)
  A moth of wrath zombie (Crypt:2)
  9 baby alligators
  A catoblepas zombie (Crypt:2)
  An iron dragon simulacrum (Crypt:1)
  11 blink frogs
  2 ettin zombies (Crypt:3)
  6 giant leeches
  A black mamba zombie (Crypt:2)
  A harpy skeleton (Crypt:1)
  26 ravens
  10 bog bodies
  A fire dragon zombie (Crypt:3)
  A hydra skeleton (Crypt:3)
  A death drake skeleton (Crypt:3)
  A griffon zombie (D:12)
  98 slime creatures
  6 boulder beetles
  27 deep elf magi
  A trapdoor spider zombie (D:11)
  An ice dragon zombie (Crypt:3)
  7 basilisks
  16 wraiths
  16 tarantellas
  4 shadows
  A basilisk (shapeshifter) (Depths:3)
  3 wyverns
  53 redbacks
  A fire dragon skeleton (D:15)
  11 trapdoor spiders
  A shock serpent simulacrum (Crypt:1)
  A hill giant zombie (D:8)
  6 water elementals (Depths:4)
  17 vampires
  6 flying skulls
  15 spriggans
  A spriggan (shapeshifter) (Vaults:3)
  3 ynoxinuls
  4 sharks (D:11)
  An elf simulacrum (Depths:4)
  A human (shapeshifter) (Depths:1)
  95 yaks
  21 deep elf fighters
  9 golden eyes
  Grum (Orc:1)
  2 steam dragons (shapeshifter)
  9 hippogriffs
  3 steam dragons
  A hippogriff (shapeshifter) (D:15)
  62 ugly things
  33 vampire mosquitoes
  24 swamp worms
  17 water moccasins
  14 soldier ants
  33 wolves
  A faun zombie (Crypt:1)
  A mottled dragon (Vaults:1)
  The ghost of Kenran the Insei, an average TeMo (D:4)
  5 hungry ghosts
  12 wargs
  A hydra simulacrum (Crypt:1)
  A spiny frog zombie (Crypt:3)
  14 swamp drakes
  12 porcupines
  23 spiders
  A deep dwarf (shapeshifter) (Depths:3)
  A sky beast (D:10)
  A necrophage (Crypt:3)
  4 phantoms
  A monstrous demonspawn skeleton (Crypt:2)
  A human skeleton (D:15)
  A snapping turtle zombie (Crypt:2)
  A black bear (D:13)
  A lindwurm zombie (Crypt:1)
  A spiny frog skeleton (Crypt:2)
  52 orc warriors
  4 slaves (D:6)
  15 centaurs
  2 ice dragon simulacra
  24 yellow wasps
  2 human simulacra
  A boring beetle (shapeshifter) (Vaults:5)
  57 ogres
  7 ice beasts
  A mermaid skeleton (Crypt:2)
  2 big kobolds (shapeshifter)
  3 boring beetles
  22 crocodiles
  An ettin simulacrum (Crypt:1)
  Sigmund (D:3)
  2 elf skeletons
  The ghost of Kenran the Insei, an average TeMo (D:3)
  A hill giant simulacrum (D:14)
  A fire crab zombie (Crypt:1)
  14 boggarts (Vaults:3)
  4 brain worms (Lair:8)
  A giant frog (shapeshifter) (Depths:3)
  5 big kobolds
  9 insubstantial wisps
  3 gnoll sergeants
  A yaktaur skeleton (D:12)
  15 giant frogs
  A water moccasin zombie (Crypt:2)
  4 eyes of draining
  A komodo dragon skeleton (D:11)
  8 scorpions
  4 cyclops skeletons
  2 glowing shapeshifter simulacra
  4 killer bees (D:14)
  A tengu zombie (D:12)
  A polar bear skeleton (Crypt:1)
  6 electric eels
  23 wights
  A vampire bat (Lair:3)
  12 hounds
  A two-headed ogre zombie (D:8)
  A giant frog zombie (Crypt:3)
  4 quasits (Depths:2)
  A soldier ant zombie (Crypt:3)
  9 crimson imps
  A demonspawn zombie (Crypt:3)
  An iron imp (Depths:2)
  A giant frog skeleton (D:5)
  9 iguanas
  Crazy Yiuf (D:2)
  15 jellies
  9 big fish
  4 orange rats
  30 orc priests
  46 orc wizards
  Natasha (D:5)
  A boulder beetle simulacrum (Vaults:3)
  A lightning spire (Zig:11)
  40 worker ants
  7 sheep
  2 ogre zombies
  A killer bee zombie (D:7)
  A brain worm zombie (D:13)
  Terence (D:2)
  A hound skeleton (D:9)
  5 mummies
  An orange rat zombie (Crypt:3)
  2 worker ant zombies
  25 adders
  23 gnolls
  An orc zombie (D:10)
  80 green rats
  An orange rat skeleton (Crypt:1)
  3 shadow imps
  A swamp drake skeleton (Crypt:1)
  A white imp (Depths:2)
  A giant mite (D:6)
  19 worms
  An adder zombie (Crypt:1)
  An adder skeleton (D:4)
  8 giant geckos
  211 orcs
  18 bats
  A bat zombie (D:7)
  5 giant cockroaches
  21 hobgoblins
  9 jackals
  29 kobolds
  19 quokkas
  5 ball pythons
  A giant gecko skeleton (D:5)
  6 giant newts
  A giant newt skeleton (Crypt:3)
  A giant spore (D:15)
  20 goblins
  A goblin skeleton (Crypt:3)
  A jackal zombie (Crypt:2)
  A lava orc skeleton (Crypt:3)
  A quokka zombie (Crypt:2)
  14 rats
  A rat skeleton (D:4)
  A ballistomycete (D:15)
  2 bushes (D:8)
  13 fungi
  12 plants
3099 creatures vanquished.

Vanquished Creatures (collateral kills)
  A frost giant (Vaults:3)
  3 vault guards
  A spiny frog (Lair:3)
  2 blink frogs (Lair:2)
  2 soldier ants
  An orc warrior (D:13)
  An ogre (Vaults:3)
  An eye of draining (D:13)
  A scorpion (D:13)
  3 orc wizards
  8 worker ants (Lair:3)
24 creatures vanquished.

Vanquished Creatures (others)
  A draconian scorcher (Zig:11)
  A fire giant (Depths:3)
  A draconian caller (Zig:11)
  A fire dragon (Vaults:3)
  2 ironheart preservers
  A great orb of eyes (Vaults:3)
  Nessos (Swamp:2)
  A deep troll earth mage (Depths:1)
  A deep troll shaman (Depths:1)
  2 giant orange brains (Depths:1)
  7 ball lightnings (Pan)
  2 deep trolls (Depths:1)
  3 wizards (Pan)
  A smoke demon (Pan)
  4 air elementals
  A polar bear (IceCv)
  2 two-headed ogres
  A raven (Swamp:5)
  A redback (Zig:7)
  An ugly thing (Vaults:1)
  2 deep elf magi (Vaults:5)
  4 fire elementals
  2 yaks (IceCv)
  A chaos spawn (Pan)
  A deep elf fighter (Depths:1)
  2 wolves (IceCv)
  A sky beast (D:7)
  18 spiders
  2 ogres
  2 boggarts (Vaults:3)
  4 lost souls
  A scorpion (Zig:13)
  2 giant mites (Vaults:5)
  A bush (D:8)
  A butterfly (Zig:13)
  3 fungi
  5 plants (D:8)
87 creatures vanquished.

Grand Total: 3210 creatures vanquished

Notes
Turn   | Place    | Note
--------------------------------------------------------------
     0 | D:1      | Chiseanne, the Spriggan Assassin, began the quest for the Orb.
     0 | D:1      | Reached XP level 1. HP: 10/10 MP: 2/2
    73 | D:1      | Reached skill level 6 in Stealth
   358 | D:1      | Reached XP level 2. HP: 11/14 MP: 4/4
  1129 | D:2      | Noticed Terence
  1153 | D:2      | Killed Terence
  1153 | D:2      | Reached skill level 7 in Stealth
  1153 | D:2      | Reached XP level 3. HP: 18/18 MP: 6/6
  1414 | D:2      | Reached XP level 4. HP: 12/22 MP: 8/8
  1682 | D:2      | Noticed Crazy Yiuf
  1711 | D:2      | Killed Crazy Yiuf
  1990 | D:3      | Noticed Sigmund
  1999 | D:3      | Killed Sigmund
  1999 | D:3      | Reached skill level 8 in Stealth
  1999 | D:3      | Reached XP level 5. HP: 25/25 MP: 10/10
  2197 | D:3      | Noticed Kenran's ghost (average TeMo)
  2230 | D:3      | Killed Kenran's ghost
  2230 | D:3      | Reached skill level 1 in Shields
  2230 | D:3      | Reached XP level 6. HP: 30/30 MP: 12/12
  2717 | D:4      | Noticed Kenran's ghost (average TeMo)
  2730 | D:4      | Reached skill level 9 in Stealth
  3158 | D:4      | Found a staircase to the Ecumenical Temple.
  3182 | Temple   | Entered the Ecumenical Temple
  3862 | D:4      | Killed Kenran's ghost
  3862 | D:4      | Reached XP level 7. HP: 13/33 MP: 14/14
  3947 | D:5      | Entered Level 5 of the Dungeon
  4004 | D:4      | Reached skill level 5 in Dodging
  4060 | D:5      | Found a blossoming altar of Fedhas.
  4116 | D:5      | Reached skill level 10 in Stealth
  4252 | D:5      | Noticed Natasha
  4264 | D:5      | Killed Natasha
  4922 | D:5      | Reached skill level 11 in Stealth
  4922 | D:5      | Reached XP level 8. HP: 33/37 MP: 16/16
  5130 | D:5      | Found an ancient bone altar of Kikubaaqudgha.
  5214 | D:6      | Found a stormy altar of Qazlal.
  5311 | D:6      | Found a shattered altar of Ashenzari.
  5462 | D:6      | Got a wavering ivory ring
  5480 | D:6      | Identified the ring of Strineino {rF+ Str+5 Int+1} (You found it on level 6 of the Dungeon)
  5725 | D:6      | Found an opulent altar of Gozag.
  5731 | D:6      | Became a worshipper of Gozag Ym Sagoz the Greedy
  5861 | D:6      | Noticed Pikel
  6090 | D:6      | Killed Pikel
  6523 | D:7      | Reached skill level 12 in Stealth
  6523 | D:7      | Reached XP level 9. HP: 15/41 MP: 18/18
  6742 | D:7      | Found a white marble altar of Elyvilon.
  6805 | D:7      | Found a shadowy altar of Dithmenos.
  6908 | D:7      | Found a basalt altar of Yredelemnul.
  7425 | D:7      | Reached skill level 5 in Short Blades
  7780 | D:7      | Got a warped wooden ring
  7791 | D:7      | Identified the ring of Fun {rF+ Str+3 Dex+3} (You found it on level 7 of the Dungeon)
  8181 | D:8      | Found a sparkling altar of Nemelex Xobeh.
  8312 | D:8      | Found a staircase to the Lair.
  8574 | D:8      | Noticed Erolcha
  8577 | D:8      | Killed Erolcha
  8577 | D:8      | Reached skill level 13 in Stealth
  8703 | D:8      | Reached XP level 10. HP: 46/46 MP: 19/19
  9420 | D:8      | Noticed Maurice
  9426 | D:8      | Killed Maurice
  9986 | D:8      | Reached skill level 10 in Dodging
 10348 | D:9      | Found Pubbuc's Assorted Antiques.
 10350 | D:9      | Bought a potion of heal wounds for 99 gold pieces
 10350 | D:9      | Bought a scroll labeled HONLAXA PHAXU for 33 gold pieces
 10350 | D:9      | Bought a potion of restore abilities for 99 gold pieces
 10350 | D:9      | Bought a scroll labeled COIPSYOMOJ for 33 gold pieces
 10350 | D:9      | Bought a runed short sword for 99 gold pieces
 10692 | D:9      | Reached skill level 14 in Stealth
 11531 | Lair:1   | Entered Level 1 of the Lair of Beasts
 12058 | Lair:1   | Noticed a five-headed hydra
 12364 | Lair:1   | Reached XP level 11. HP: 49/49 MP: 20/20
 12464 | Lair:1   | Killed a five-headed hydra
 12937 | Lair:2   | Reached skill level 15 in Stealth
 13134 | Lair:2   | Reached skill level 10 in Throwing
 13970 | Lair:3   | Gained mutation: Your spells are a little easier to cast, but a little less powerful. [potion of beneficial mutation]
 14177 | Lair:3   | Noticed a seven-headed hydra
 14415 | Lair:3   | Reached skill level 16 in Stealth
 14435 | Lair:3   | Killed a seven-headed hydra
 14499 | Lair:3   | Reached skill level 5 in Shields
 14933 | Lair:3   | Reached XP level 12. HP: 20/53 MP: 21/21
 15314 | Lair:3   | Found a hole to the Spider Nest.
 15322 | Lair:3   | Reached skill level 17 in Stealth
 16706 | Lair:4   | Got a brightly glowing steel ring
 16708 | Lair:4   | Identified the ring of Grace {+Blink rF+} (You found it on level 4 of the Lair of Beasts)
 16973 | Lair:4   | Reached skill level 18 in Stealth
 18021 | Lair:5   | Found a staircase to the Swamp.
 18751 | Lair:5   | Found a dark tunnel.
 18757 | Volcano  | Entered a volcano
 18777 | Volcano  | Found a burning altar of Makhleb.
 19296 | Lair:5   | Got a dazzling falchion
 19297 | Lair:5   | Identified the cursed +11 falchion of the Dove {speed, +Blink Str+2 Dex-3} (You found it on level 5 of the Lair of Beasts)
 19791 | Lair:1   | Upgraded the game from 0.15-a0-1632-gd490d05 to 0.15-a0-1646-g393eda0
 19835 | D:10     | Entered Level 10 of the Dungeon
 19850 | D:10     | Found a stormy altar of Qazlal.
 19851 | D:10     | Found Pitoa's Assorted Antiques.
 19858 | D:10     | Bought a scroll of remove curse for 93 gold pieces
 19858 | D:10     | Bought a copper wand for 124 gold pieces
 19858 | D:10     | Bought a scroll of remove curse for 93 gold pieces
 19858 | D:10     | Bought a scroll of identify for 62 gold pieces
 19858 | D:10     | Bought a scroll labeled QAAZXI KHOUBI for 31 gold pieces
 19858 | D:10     | Bought a scroll of identify for 62 gold pieces
 20386 | D:10     | Reached skill level 1 in Evocations
 20696 | D:10     | Reached XP level 13. HP: 50/57 MP: 22/24
 20822 | D:11     | Found Apinises' Jewellery Shoppe.
 21334 | D:11     | Bought the ring of Vitality {HP+15 Regen} for 666 gold pieces
 21376 | D:11     | Reached skill level 19 in Stealth
 21459 | D:11     | Noticed Nergalle
 21505 | D:11     | Killed Nergalle
 21650 | D:11     | Reached skill level 10 in Short Blades
 21997 | D:11     | Found a staircase to the Orcish Mines.
 22375 | Orc:1    | Entered Level 1 of the Orcish Mines
 22397 | Orc:1    | Reached skill level 15 in Dodging
 22592 | Orc:1    | Found Smieda Taent's Antique Armour Boutique.
 22616 | Orc:1    | Bought a glowing cloak for 126 gold pieces
 22857 | Orc:1    | Noticed Grum
 22883 | Orc:1    | Killed Grum
 23252 | Orc:3    | Found a staircase to the Elven Halls.
 23990 | Orc:2    | Found a deep blue altar of Sif Muna.
 24154 | Orc:2    | Identified Sif Muna's Tome of Translocation
 24159 | Orc:2    | Learned a level 1 spell: Apportation
 24348 | Orc:3    | Found a roughly hewn altar of Beogh.
 24923 | Orc:4    | Entered Level 4 of the Orcish Mines
 25051 | Orc:4    | Noticed Urug
 25053 | Orc:4    | Found a roughly hewn altar of Beogh.
 25149 | Orc:4    | Killed Urug
 25409 | Orc:4    | Noticed Saint Roka
 26299 | Orc:4    | Noticed Psyche
 26421 | Orc:4    | Killed Psyche
 27703 | Orc:4    | Killed Saint Roka
 27703 | Orc:4    | Reached XP level 14. HP: 61/61 MP: 25/28
 27713 | Orc:4    | Found Giokh's Antique Weapon Shoppe.
 27779 | Orc:4    | Found Skoawoacs' Antique Armour Shoppe.
 27852 | Orc:4    | Found Iquphi's Book Shoppe.
 27859 | Orc:4    | Bought a manual of Stealth for 1766 gold pieces
 27873 | Orc:4    | Found Guus' General Store.
 27890 | Orc:4    | Bought a scroll of enchant armour for 127 gold pieces
 27890 | Orc:4    | Bought a scroll of acquirement for 884 gold pieces
 27890 | Orc:4    | Bought a potion of restore abilities for 51 gold pieces
 27890 | Orc:4    | Bought a scroll of fog for 34 gold pieces
 28332 | D:11     | Reached skill level 20 in Stealth
 28591 | D:12     | Found Bulonewu's Magic Scroll Shoppe.
 28595 | D:12     | Bought a scroll of acquirement for 676 gold pieces
 28595 | D:12     | Bought a scroll of fog for 26 gold pieces
 28609 | D:12     | Found Namun's Antique Weapon Shoppe.
 28695 | D:12     | Found Pneenk Esaj's Book Boutique.
 29020 | D:12     | Found Mowniami's Assorted Antiques.
 29105 | D:13     | Learned a level 1 spell: Corona
 29366 | D:13     | Found a gate to the Vaults.
 29713 | D:13     | Reached skill level 21 in Stealth
 29893 | D:13     | Found a flagged portal.
 29902 | Bailey   | Entered a bailey
 30247 | Bailey   | Got a sapphire bardiche
 30331 | Bailey   | Reached skill level 5 in Fighting
 30331 | Bailey   | Reached XP level 15. HP: 72/72 MP: 29/29
 30718 | D:14     | Reached skill level 22 in Stealth
 30802 | D:14     | Found an ancient bone altar of Kikubaaqudgha.
 31440 | D:14     | Found a frozen archway.
 31446 | IceCv    | Entered an ice cave
 31719 | IceCv    | Identified a +2 rod of shadows (10/10) (You found it in an ice cave)
 31851 | IceCv    | Reached skill level 23 in Stealth
 32937 | D:15     | Entered Level 15 of the Dungeon
 33107 | D:15     | Reached skill level 24 in Stealth
 33282 | D:15     | Found an ancient bone altar of Kikubaaqudgha.
 34225 | D:14     | Reached XP level 16. HP: 76/76 MP: 29/29
 34706 | D:15     | Reached skill level 25 in Stealth
 34786 | D:15     | Found a staircase to the Depths.
 35785 | Orc:4    | Bought the +3 crown of Dyrovepreva {rElec Int+2 SInv} for 1324 gold pieces
 36166 | Swamp:1  | Entered Level 1 of the Swamp
 37196 | Swamp:2  | Noticed Rupert
 37241 | Swamp:2  | Killed Rupert
 37241 | Swamp:2  | Reached skill level 26 in Stealth
 37307 | Swamp:2  | Noticed Nikola
 37383 | Swamp:2  | Noticed Nessos
 37407 | Swamp:2  | Killed Nessos
 37485 | Swamp:2  | Killed Nikola
 38091 | Swamp:3  | Noticed Roxanne
 38091 | Swamp:3  | Noticed Frances
 38439 | Swamp:3  | Reached skill level 27 in Stealth
 39584 | Swamp:3  | Killed Frances
 40093 | Swamp:4  | Noticed Wiglaf
 40269 | Swamp:4  | Killed Wiglaf
 40769 | Swamp:4  | Reached XP level 17. HP: 80/80 MP: 30/30
 41291 | Swamp:5  | Entered Level 5 of the Swamp
 42280 | Swamp:5  | Got a decaying rune of Zot
 42869 | Spider:1 | Entered Level 1 of the Spider Nest
 42879 | Spider:1 | Noticed Maud
 42882 | Spider:1 | Killed Maud
 43176 | D:12     | Bought a potion of berserk rage for 117 gold pieces
 43176 | D:12     | Bought a scroll of magic mapping for 136 gold pieces
 43176 | D:12     | Bought a scroll of fear for 136 gold pieces
 43176 | D:12     | Bought a potion of haste for 273 gold pieces
 43176 | D:12     | Bought a potion of might for 97 gold pieces
 43176 | D:12     | Bought a potion of flight for 117 gold pieces
 43176 | D:12     | Bought a potion of berserk rage for 117 gold pieces
 43176 | D:12     | Bought a potion of curing for 78 gold pieces
 43217 | D:12     | Bought a scroll of identify for 26 gold pieces
 43217 | D:12     | Bought a scroll of identify for 26 gold pieces
 43217 | D:12     | Bought a scroll of identify for 26 gold pieces
 43217 | D:12     | Bought a scroll of holy word for 97 gold pieces
 43217 | D:12     | Bought a scroll of identify for 26 gold pieces
 43217 | D:12     | Bought a scroll of teleportation for 39 gold pieces
 43217 | D:12     | Bought a scroll of enchant weapon for 97 gold pieces
 43414 | Spider:1 | Noticed Aizul
 43448 | Spider:1 | Killed Aizul
 47833 | Spider:4 | Found a roughly hewn altar of Beogh.
 47866 | Spider:4 | Reached XP level 18. HP: 84/84 MP: 31/31
 47952 | Spider:5 | Entered Level 5 of the Spider Nest
 49657 | Spider:5 | Got a gossamer rune of Zot
 50350 | Vaults:1 | Entered Level 1 of the Vaults
 51281 | Vaults:1 | Found Utah's Antique Weapon Shoppe.
 51329 | Vaults:1 | Bought a bloodstained scimitar for 243 gold pieces
 51331 | Vaults:1 | Identified the cursed +2 scimitar "Chank" {antimagic, Str+3 Int-2} (You bought it in a shop on level 1 of the Vaults)
 51360 | Vaults:1 | Got a slimy crossbow
 51363 | Vaults:1 | Got a slimy crossbow
 51365 | Vaults:1 | Identified the +10 crossbow of Tavviw {venom, MR+ Int+3} (You found it on level 1 of the Vaults)
 51366 | Vaults:1 | Identified the +9 crossbow of Purpose {elec, +Fly rN+ MR+} (You found it on level 1 of the Vaults)
 52855 | Vaults:2 | Reached skill level 27 in Dodging
 53297 | Vaults:2 | Noticed Norris
 53363 | Vaults:2 | Killed Norris
 53363 | Vaults:2 | Reached XP level 19. HP: 88/88 MP: 32/32
 53705 | Vaults:2 | Found a staircase to the Crypt.
 53850 | Vaults:2 | Found Toelaech's Distillery.
 53923 | Vaults:2 | Bought a potion of curing for 40 gold pieces
 53923 | Vaults:2 | Bought a potion of curing for 40 gold pieces
 53923 | Vaults:2 | Bought a potion of invisibility for 110 gold pieces
 53923 | Vaults:2 | Bought a potion of curing for 40 gold pieces
 53923 | Vaults:2 | Bought a potion of agility for 50 gold pieces
 53923 | Vaults:2 | Bought 2 potions of lignification for 80 gold pieces
 55242 | Vaults:3 | Reached skill level 10 in Shields
 59120 | Vaults:4 | Reached XP level 20. HP: 93/93 MP: 32/32
 59266 | Vaults:4 | Reached XP level 21. HP: 83/96 MP: 26/33
 61739 | Lair:6   | Got a brightly glowing cutlass
 61743 | Lair:6   | Identified the +5 cutlass of Fortitude {speed, rF++ Str+3} (You found it on level 6 of the Lair of Beasts)
 63728 | Lair:8   | Entered Level 8 of the Lair of Beasts
 64032 | Lair:8   | Identified the Incunabulum of the Pure Souls (You found it on level 8 of the Lair of Beasts)
 64907 | Lair:8   | Found a staircase to the Slime Pits.
 64908 | Lair:8   | Found a viscous altar of Jiyva.
 65705 | Lair:1   | Learned a level 1 spell: Summon Butterflies
 65708 | Lair:1   | Learned a level 2 spell: Blink
 65941 | Elf:1    | Entered Level 1 of the Elven Halls
 66802 | Elf:2    | Found a flickering gateway to a bazaar.
 66816 | Bazaar   | Entered a bazaar
 66821 | Bazaar   | Found Giunt's Jewellery Emporium.
 66822 | Bazaar   | Found Osafuang's Magic Scroll Shoppe.
 66832 | Bazaar   | Bought a scroll of teleportation for 24 gold pieces
 66832 | Bazaar   | Bought a scroll of acquirement for 416 gold pieces
 66832 | Bazaar   | Bought a scroll of teleportation for 24 gold pieces
 66832 | Bazaar   | Bought a scroll of identify for 16 gold pieces
 66832 | Bazaar   | Bought a scroll of identify for 16 gold pieces
 66832 | Bazaar   | Bought a scroll of identify for 16 gold pieces
 66838 | Bazaar   | Got a twisted buckler
 66844 | Bazaar   | Identified the -4 buckler "Fratu" {Dex+2} (You acquired it in a bazaar)
 67610 | Elf:3    | Entered Level 3 of the Elven Halls
 69047 | Elf:3    | Reached skill level 15 in Shields
 70085 | Elf:3    | Got an ancient bronze ring
 70593 | Elf:3    | Reached XP level 22. HP: 78/101 MP: 23/33
 71189 | Elf:2    | Gained mutation: You can spit poison. [potion of beneficial mutation]
 71778 | Lair:1   | Identified the ring "Reas Thui" {Int+2 Slay+4 Stlth-} (You took it off a deep elf annihilator on level 3 of the Elven Halls)
 72050 | Crypt:1  | Entered Level 1 of the Crypt
 74070 | Crypt:2  | Noticed Jory
 74267 | Crypt:2  | Killed Jory
 75332 | Crypt:3  | Entered Level 3 of the Crypt
 75544 | Crypt:3  | Found a magical portal.
 75553 | WizLab   | Entered Wucad Mu's Monastery
 75798 | WizLab   | Gained mutation: You are partially covered in thin metallic scales (AC +2). [potion of beneficial mutation]
 75815 | WizLab   | Reached skill level 5 in Armour
 75815 | WizLab   | Reached XP level 23. HP: 105/105 MP: 34/34
 76147 | Crypt:3  | Found a staircase to the Tomb.
 77707 | Crypt:3  | Noticed Donald
 77942 | Crypt:3  | Found an ancient bone altar of Kikubaaqudgha.
 78678 | Crypt:3  | Killed Donald
 79262 | Crypt:3  | Got a smoking cutlass
 79263 | Crypt:3  | Identified the cursed +3 cutlass of Mana {freeze, rElec rF+ rC+ MR+ SInv} (You took it off a vampire on level 3 of the Crypt)
 80191 | Crypt:3  | Paralysed by a vampire knight for 4 turns
 81637 | Depths:1 | Entered Level 1 of the Depths
 81659 | Depths:1 | Found Tok Ymoog's Magic Scroll Shop.
 81706 | Depths:1 | Bought a scroll of fog for 30 gold pieces
 81706 | Depths:1 | Bought a scroll of blinking for 112 gold pieces
 81706 | Depths:1 | Bought a scroll of teleportation for 45 gold pieces
 81706 | Depths:1 | Bought a scroll of teleportation for 45 gold pieces
 81706 | Depths:1 | Bought a scroll of fear for 52 gold pieces
 81706 | Depths:1 | Bought a scroll of identify for 30 gold pieces
 82365 | Depths:1 | Found a gateway to Hell.
 82568 | Depths:1 | Reached XP level 24. HP: 109/109 MP: 35/35
 83537 | Depths:2 | Found a one-way gate to the infinite horrors of the Abyss.
 84112 | Depths:2 | Found Striop's Antique Weapon Shoppe.
 84136 | Depths:2 | Bought an encrusted dagger for 252 gold pieces
 84136 | Depths:2 | Bought a glowing blowgun for 90 gold pieces
 84140 | Depths:2 | Identified the cursed +3 dagger of Might {elec, -Cast rC+ MR++} (You bought it in a shop on level 2 of the Depths)
 84154 | Depths:2 | Found a one-way gate leading to the halls of Pandemonium.
 84316 | Depths:2 | Found a portal to a secret trove of treasure.
 84491 | Depths:2 | Noticed Mara
 84497 | Depths:2 | Killed Mara
 86564 | Depths:3 | Reached skill level 10 in Fighting
 88902 | Depths:4 | Found a gateway to a ziggurat.
 89507 | Depths:4 | Found Ecegaitt's Blood Bar.
 89542 | Depths:4 | Reached XP level 25. HP: 125/125 MP: 35/35
 91494 | Depths:5 | Entered Level 5 of the Depths
 91595 | Depths:5 | Found a flickering gateway to a bazaar.
 91602 | Bazaar   | Entered a bazaar
 91616 | Bazaar   | Found Bratim's Magic Scroll Shoppe.
 91631 | Bazaar   | Found Biosoar's Antique Armour Shoppe.
 91646 | Bazaar   | Found Fruoruen's Armour Shoppe.
 91713 | Bazaar   | Bought 3 scrolls of recharging for 342 gold pieces
 91713 | Bazaar   | Bought a scroll of recharging for 114 gold pieces
 91713 | Bazaar   | Bought a scroll of identify for 24 gold pieces
 91713 | Bazaar   | Bought a scroll of vulnerability for 90 gold pieces
 91713 | Bazaar   | Bought a scroll of enchant armour for 90 gold pieces
 91713 | Bazaar   | Bought a scroll of remove curse for 36 gold pieces
 91713 | Bazaar   | Bought a scroll of identify for 24 gold pieces
 91713 | Bazaar   | Bought a scroll of identify for 24 gold pieces
 91713 | Bazaar   | Bought a scroll of identify for 24 gold pieces
 91716 | Bazaar   | Bought a scroll of summoning for 114 gold pieces
 94708 | Depths:5 | Found a gate to the Realm of Zot.
 95291 | D:8      | Bought a faintly humming cloak for 285 gold pieces
 95295 | D:8      | Identified the +1 cloak of Shang {Int+3} (You bought it in a shop on level 8 of the Dungeon)
 95335 | D:8      | Bought a bread ration for 60 gold pieces
 95335 | D:8      | Bought a bread ration for 60 gold pieces
 95335 | D:8      | Bought a bread ration for 60 gold pieces
 95335 | D:8      | Bought a fruit for 18 gold pieces
 95335 | D:8      | Bought a bread ration for 60 gold pieces
 95335 | D:8      | Bought a bread ration for 60 gold pieces
 95335 | D:8      | Bought a bread ration for 60 gold pieces
 95338 | D:8      | Bought a potion of agility for 40 gold pieces
 95338 | D:8      | Bought a potion of heal wounds for 48 gold pieces
 95338 | D:8      | Bought a potion of curing for 32 gold pieces
 95338 | D:8      | Bought a potion of restore abilities for 48 gold pieces
 95338 | D:8      | Bought a potion of agility for 40 gold pieces
 95338 | D:8      | Bought a potion of curing for 32 gold pieces
 95338 | D:8      | Bought a potion of agility for 40 gold pieces
 95342 | D:8      | Bought a scroll of identify for 20 gold pieces
 95342 | D:8      | Bought a scroll of magic mapping for 35 gold pieces
 95356 | D:8      | Bought 3 scrolls of identify for 162 gold pieces
 95356 | D:8      | Bought a scroll of identify for 54 gold pieces
 95356 | D:8      | Bought a scroll of fear for 94 gold pieces
 95356 | D:8      | Bought a scroll of fog for 54 gold pieces
 95754 | Vaults:5 | Entered Level 5 of the Vaults
 95798 | Vaults:4 | Reached skill level 15 in Fighting
 97913 | Vaults:5 | Noticed an ancient lich
 98226 | Vaults:5 | Found Ononosa's Antique Armour Shoppe.
 98903 | Vaults:5 | Reached XP level 26. HP: 91/139 MP: 28/36
 98906 | Vaults:5 | Got an iridescent trident
 98988 | Vaults:5 | Identified the +6 trident of Qouk Ont {drain, +Fly} (You took it off an ironbrand convoker on level 5 of the Vaults)
 99046 | Vaults:5 | Got a crude brass ring
 99050 | Vaults:5 | Identified the ring of Yfirphi {rC+ Str+1} (You took it off a deep elf high priest on level 5 of the Vaults)
 99285 | Vaults:5 | Noticed an ancient lich
100585 | Vaults:5 | Killed an ancient lich
102035 | Vaults:5 | Killed an ancient lich
102055 | Vaults:5 | Got a silver rune of Zot
104388 | D:8      | Bought a scroll of enchant weapon for 75 gold pieces
104389 | D:8      | Bought a scroll of enchant armour for 75 gold pieces
104474 | D:11     | Bought a +5 ring of slaying for 2046 gold pieces
104737 | D:6      | Identified a +5 ring of slaying (duplicated by Gozag)
105075 | Slime:1  | Entered Level 1 of the Pits of Slime
105929 | Slime:6  | Entered Level 6 of the Pits of Slime
107237 | Slime:6  | Found a viscous altar of Jiyva.
107240 | Slime:6  | Noticed the royal jelly
107243 | Slime:6  | Killed the royal jelly
107243 | Slime:6  | Reached XP level 27. HP: 149/151 MP: 36/36
107735 | Slime:6  | Got a flickering turquoise ring
107754 | Slime:6  | Identified the ring of Iqemuxt {rN+ MR++ Str-5 Int+2} (You found it on level 6 of the Pits of Slime)
107785 | Slime:6  | Got a scintillating bone amulet
107800 | Slime:6  | Identified the Incunabulum of Lightness (You found it on level 6 of the Pits of Slime)
107814 | Slime:6  | Got a slimy dagger
107864 | Slime:6  | Identified the amulet "Qamak" {rCorr rElec} (You found it on level 6 of the Pits of Slime)
107893 | Slime:6  | Got a pitted amber ring
107894 | Slime:6  | Identified the ring "Varorisch" {rN+ Str+3 Int+1} (You found it on level 6 of the Pits of Slime)
107934 | Slime:6  | Got a slimy rune of Zot
108285 | Lair:1   | Learned a level 2 spell: Cure Poison
108288 | Lair:1   | Learned a level 2 spell: Repel Missiles
108292 | Lair:1   | Identified the +9 dagger of Greed {stab, +Inv rC+ MR+} (You found it on level 6 of the Pits of Slime)
108764 | Zig:1    | Entered Level 1 of a ziggurat
108801 | Zig:2    | Entered Level 2 of a ziggurat
108815 | Zig:3    | Entered Level 3 of a ziggurat
108933 | Zig:4    | Entered Level 4 of a ziggurat
108967 | Zig:5    | Entered Level 5 of a ziggurat
109059 | Zig:5    | Got a shimmering turquoise ring
109071 | Zig:5    | Identified the cursed ring of Cecousaux {rF+ Str+3 Int+3} (You found it on level 5 of a ziggurat)
109081 | Zig:6    | Entered Level 6 of a ziggurat
109146 | Zig:6    | Identified Lehudib's Guide on Destructive Earth
109151 | Zig:6    | Learned a level 2 spell: Stoneskin
109177 | Zig:6    | Identified a cursed +9 rod of the swarm (9/9) (You found it on level 4 of a ziggurat)
109318 | Zig:7    | Entered Level 7 of a ziggurat
109440 | Zig:8    | Entered Level 8 of a ziggurat
109470 | Zig:8    | Got a transparent long sword
109470 | Zig:8    | Got a warped pewter ring
109472 | Zig:9    | Entered Level 9 of a ziggurat
109474 | Zig:9    | Identified the ring "Zaedal" {Dex+3 Int+3} (You found it on level 8 of a ziggurat)
109476 | Zig:9    | Identified the +8 long sword "Xoduthrex" {flame, rF+ Stlth---} (You found it on level 8 of a ziggurat)
109585 | Zig:10   | Entered Level 10 of a ziggurat
109805 | Zig:10   | Noticed an ancient lich
109818 | Zig:10   | Got a twisted dagger
109823 | Zig:11   | Entered Level 11 of a ziggurat
110034 | Zig:11   | Identified the +8 dagger of Otissae {drain, +Rage rElec rC+ MR++ SInv} (You found it on level 10 of a ziggurat)
110047 | Zig:11   | Got a sparkling wooden ring
110050 | Zig:11   | Identified the ring "Rontug" {rF++ SInv} (You found it on level 11 of a ziggurat)
110059 | Zig:11   | Got a crude zirconium amulet
110066 | Zig:11   | Identified the amulet "Kufon" {Stasis Str+4 Dex+3} (You found it on level 11 of a ziggurat)
110088 | Zig:12   | Entered Level 12 of a ziggurat
110190 | Zig:13   | Entered Level 13 of a ziggurat
110239 | Zig:14   | Entered Level 14 of a ziggurat
110251 | Zig:14   | Gained mutation: Your body is slowly deteriorating. [mutagenic glow]
110668 | Lair:1   | Lost mutation: You are partially covered in thin metallic scales (AC +2). [potion of cure mutation]
110668 | Lair:1   | Lost mutation: Your body is slowly deteriorating. [potion of cure mutation]
110668 | Lair:1   | Lost mutation: You can spit poison. [potion of cure mutation]
110668 | Lair:1   | Lost mutation: Your spells are a little easier to cast, but a little less powerful. [potion of cure mutation]
110913 | D:8      | Bought a scroll of acquirement for 936 gold pieces
110913 | D:8      | Bought a scroll of identify for 36 gold pieces
110913 | D:8      | Bought a scroll of blinking for 135 gold pieces
110913 | D:8      | Bought a potion of berserk rage for 54 gold pieces
110913 | D:8      | Bought a scroll of fog for 36 gold pieces
111907 | Depths:2 | Got an encrusted pearl dragon armour
111932 | Depths:2 | Identified the +6 pearl dragon armour of the Kangaroo {rC+ rN+} (You found it on level 2 of the Depths)
112455 | D:12     | Bought a scroll of brand weapon for 260 gold pieces
112639 | Pan      | Entered Pandemonium
112746 | Pan      | Found an exit through the horrors of the Abyss.
112802 | Pan      | Found an exit through the horrors of the Abyss.
112811 | Pan      | Got a fine wooden ring
112837 | Pan      | Identified the ring "Leosur" {-Tele +Rage MR++ Slay+2} (You found it in Pandemonium)
112993 | Pan      | Entered the realm of Lom Lobon.
113500 | Pan      | Noticed Lom Lobon
113545 | Pan      | Killed Lom Lobon
113857 | Pan      | Got a magical rune of Zot
114200 | Pan      | Noticed Heptez the pandemonium lord
114206 | Pan      | Found an exit through the horrors of the Abyss.
114289 | Pan      | Killed Heptez the pandemonium lord
114573 | Pan      | Found an exit through the horrors of the Abyss.
115166 | Pan      | Noticed Mnuophudgh the pandemonium lord
115197 | Pan      | Gained mutation: Your body is slowly deteriorating. [a shining eye]
115198 | Pan      | Killed Mnuophudgh the pandemonium lord
115226 | Pan      | HP: 8/161 [Hell Sentinel/blast of hellfire (47)]
115227 | Pan      | Killed from afar by a Hell Sentinel

Action                   |  1- 3 |  4- 6 |  7- 9 | 10-12 | 13-15 | 16-18 | 19-21 | 22-24 | 25-27 || total
-------------------------+-------+-------+-------+-------+-------+-------+-------+-------+-------++-------
Melee: Dagger            |    58 |   169 |   240 |   364 |   284 |   890 |   495 |  2125 |  3349 ||  7974
       Short sword       |       |       |     1 |   703 |   351 |       |       |       |       ||  1055
       Falchion          |       |       |       |     5 |  1445 |  3239 |  3253 |  2956 |  2199 || 13097
       Cutlass           |       |       |       |     1 |       |       |     1 |   158 |       ||   160
       Quick blade       |       |       |       |       |       |       |       |       |    27 ||    27
 Fire: Blowgun           |    12 |    28 |   147 |    89 |   111 |   114 |   117 |    12 |    55 ||   685
Throw: Tomahawk          |       |     3 |     1 |    19 |   147 |    81 |    37 |    84 |    69 ||   441
 Cast: Apportation       |       |       |       |       |       |       |     5 |       |     2 ||     7
Invok: Call Merchant     |       |       |       |     2 |       |       |       |       |    11 ||    13
       Potion Petition   |       |       |       |       |       |     1 |       |       |     2 ||     3
 Abil: Evoke Invisibilit |       |       |       |       |     2 |     2 |       |       |     4 ||     8
Evoke: Wand              |       |       |       |    39 |    33 |    28 |    40 |    35 |    48 ||   223
       Lamp of fire      |       |       |       |       |     2 |     5 |     1 |       |       ||     8
       Rod               |       |       |       |       |     1 |       |       |       |     1 ||     2
       Fan of gales      |       |       |       |       |       |     3 |     1 |       |       ||     4
       Sack of spiders   |       |       |       |       |       |       |       |       |    13 ||    13
       Stone of tremors  |       |       |       |       |       |       |       |       |     1 ||     1
  Use: Scroll            |       |    14 |     9 |    19 |     8 |    25 |    15 |    25 |    70 ||   185
       Potion            |       |     4 |       |     4 |     2 |    20 |    16 |    25 |    22 ||    93
 Stab: Sleeping          |     9 |    10 |    20 |    77 |    73 |   107 |   110 |   100 |    63 ||   569
       Distracted        |       |     2 |     3 |     9 |    15 |    47 |    41 |    31 |    75 ||   223
       Invisible         |       |       |     2 |     4 |    15 |     1 |     2 |       |    31 ||    55
       Confused          |       |       |       |       |     2 |     1 |       |       |       ||     3
       Fleeing           |       |       |       |       |     1 |       |       |       |     2 ||     3
       Paralysed         |       |       |       |       |       |       |       |     1 |       ||     1
